 Dungeon Crawl Stone Soup version 0.30-a0-341-g682706514a (webtiles) character file.

Game seed: 1915261961016063324

511 IdlyInterested the Trooper (level 6, -3/42 (52) HPs)
             Began as a Demonspawn Wanderer on Nov 1, 2022.
             Slain by a wight
             ... wielding a +2 long sword
              (4 damage)
             ... on level 4 of the Dungeon.
             The game lasted 00:12:34 (4084 turns).

IdlyInterested the Trooper (Demonspawn Wanderer)    Turns: 4084, Time: 00:12:35

HP:   -3/42 (52)    AC:  6    Str: 20    XL:     6   Next: 99%
MP:   0/8           EV: 11    Int: 23    God:
Gold: 92            SH:  0    Dex: 12    Spells: 7/7 levels left

rFire   . . .      SeeInvis .    e - +3 flail (freeze)
rCold   . . .      Faith    .    (no shield)
rNeg    . . .      Spirit   +    (no body armour)
rPois   .          Reflect  .    A - +0 helmet {Int+3}
rElec   .          Harm     .    p - +0 cloak {rCorr}
rCorr   +          Rampage  .    v - +1 pair of gloves
Will    .....                    B - +1 pair of boots
Stlth   ++........               r - amulet of magic regeneration
HPRegen 0.27/turn                g - +6 ring of intelligence
MPRegen 0.62/turn                t - +6 ring of strength

@: attractive, heavily drained
A: claws 1, ignite blood 1, magic shield, magic regeneration
a: no special abilities


You were on level 4 of the Dungeon.
You visited 1 branch of the dungeon, and saw 4 of its levels.

You collected 322 gold pieces.
You spent 230 gold pieces at shops.

Inventory:

Hand Weapons
 a - a +0 morningstar
 e - a +3 flail of freezing (weapon)
 i - a +0 short sword of electrocution
 q - a +2 short sword of venom
Missiles
 b - 35 poisoned darts (quivered)
 k - 5 javelins
Armour
 p - a +0 cloak of preservation (worn)
 v - a +1 pair of gloves (worn)
 z - a +0 chain mail
 A - a +0 helmet of intelligence (worn)
 B - a +1 pair of boots (worn)
Jewellery
 g - a +6 ring of intelligence (left hand)
 r - an amulet of magic regeneration (around neck)
 t - a +6 ring of strength (right hand)
Wands
 u - a wand of charming (9)
Scrolls
 c - a scroll of teleportation
 d - a scroll of fear
 f - 2 scrolls of brand weapon
 j - a scroll of amnesia
 y - a scroll of immolation
Potions
 l - a potion of invisibility {unknown}
 m - a potion of brilliance {unknown}
 n - 4 potions of curing
 o - a potion of mutation {unknown}
 s - a potion of berserk rage {unknown}


   Skills:
 * Level 6.2 Fighting
 - Level 1.7 Throwing
 + Level 2.5 Stealth
 - Level 1.0 Unarmed Combat
 - Level 1.0 Spellcasting
 - Level 4.5 Earth Magic
 * Level 3.3 Invocations


You had 7 spell levels left.
You didn't know any spells.
Your spell library contained the following spells:

 Spells                   Type           Power      Damage    Failure   Level
 Sandblast                Erth           42%        2d11      2%          1
 Freeze                   Ice            4%         1d3       14%         1
 Stone Arrow              Conj/Erth      22%        3d8       17%         3
 Frozen Ramparts          Ice            2%         1d1       38%         3
 Hailstorm                Conj/Ice       1%         3d3       38%         3
 Leda's Liquefaction      Hex/Erth       5%         N/A       50%         4


Dungeon Overview and Level Annotations

Branches:
Dungeon (4/15)
 Temple: D:4-7

Altars:
Ashenzari
Fedhas
Hepliaklqana
Ru
Yredelemnul

Shops:
D:4 [


Innate Abilities, Weirdness & Mutations

You have sharp fingernails.
Your demonic aura sometimes causes spilled blood to erupt in flames.
When hurt, damage is shared between your health and your magic reserves.
You regenerate magic rapidly.


Message History

You closely miss the wight.
The wight is moderately damaged.
The wight closely misses you.
You hit the wight but do no damage.
The wight is moderately damaged.
The wight hits you with a +2 long sword.
You feel drained. The wight barely misses you.
You barely miss the wight.
The wight is moderately damaged.
The wight hits you with a +2 long sword!
You feel drained.
You barely miss the wight.
The wight is moderately damaged.
The wight hits you with a +2 long sword!
The wight misses you.
You hit the wight.
The wight is heavily damaged.
The wight hits you with a +2 long sword!
* * * LOW HITPOINT WARNING * * *
You barely miss the wight.
The wight is heavily damaged.
The wight hits you with a +2 long sword!
* * * LOW HITPOINT WARNING * * *
You feel drained.
It was a potion of curing.
You feel better.
The wight hits you with a +2 long sword!
* * * LOW HITPOINT WARNING * * *
You feel drained.
You feel better. The wight closely misses you.
It was a potion of attraction.
You feel attractive to monsters.
The wight hits you with a +2 long sword.
* * * LOW HITPOINT WARNING * * *
You feel drained.
You sock the wight!
The wight is almost destroyed.
The wight hits you with a +2 long sword!
* * * LOW HITPOINT WARNING * * *
You feel drained.
You die...

#..........................#.###
##########>#..###..........#....
#....................#....
#.......###..........#.##.
#######...#............#.##.
#####.........#.##########.#.###
#.<...........#z# #.#....
##.########...#z# #.##### #.#
#.......#@# #.# #.# #.........#
#.# ##.####..###..############.#
#..........................#
############..##############
#...................#
#.########..#######.#
#...................#
#.#################.#


You could see 2 wights.

Vanquished Creatures
  A black bear (D:4)
  A kobold brigand (D:4)
  A wight (D:4)
  A gnoll bouda (D:3)
  An iguana (D:4)
  12 gnolls
  2 adders
  An ufetubus (D:4)
  3 worms
  A dart slug (D:1)
  2 orcs (D:4)
  5 ball pythons
  3 bats
  7 endoplasms
  7 goblins
  6 hobgoblins
  A quokka (D:2)
  4 frilled lizards
  45 kobolds
  3 rats
107 creatures vanquished.

Vanquished Creatures (others)
  8 plants (D:4)
8 creatures vanquished.

Grand Total: 115 creatures vanquished

Notes
Turn   | Place    | Note
-------+----------+-------------------------------------------
     0 | D:1      | IdlyInterested the Demonspawn Wanderer began the quest for
                  | the Orb.
     0 | D:1      | IdlyInterested set off with the following items: a +0
                  | dagger, 12 poisoned darts, a scroll of teleportation, a
                  | scroll of fear, a +0 robe; and the following spell
                  | memorised: Sandblast; and the following spells available to
                  | memorise: Stone Arrow, Leda's Liquefaction.
     0 | D:1      | Reached XP level 1. HP: 15/15 MP: 2/2
   153 | D:1      | Reached skill level 2 in Fighting
   210 | D:1      | Gained mutation: You have sharp fingernails. [demonic
                  | ancestry]
   210 | D:1      | Reached XP level 2. HP: 22/22 MP: 3/3
   740 | D:2      | Gained mutation: Your demonic aura sometimes causes spilled
                  | blood to erupt in flames. [demonic ancestry]
   740 | D:2      | Reached XP level 3. HP: 28/28 MP: 4/4
   807 | D:2      | Reached skill level 3 in Fighting
  1540 | D:3      | Reached skill level 1 in Stealth
  1697 | D:3      | Found a hazy altar of Hepliaklqana.
  1698 | D:3      | Found a broken altar of Ashenzari.
  1698 | D:3      | Found a sacrificial altar of Ru.
  1699 | D:3      | Found a basalt altar of Yredelemnul.
  1949 | D:3      | Found a blossoming altar of Fedhas.
  1970 | D:3      | Gained mutation: You regenerate magic rapidly. [demonic
                  | ancestry]
  1970 | D:3      | Reached XP level 4. HP: 16/37 MP: 5/5
  1986 | D:3      | Reached skill level 4 in Fighting
  2427 | D:4      | Noticed a kobold brigand
  2430 | D:4      | Gained mutation: When hurt, damage is shared between your
                  | health and your magic reserves. [demonic ancestry]
  2430 | D:4      | Reached XP level 5. HP: 43/43 MP: 6/6
  2446 | D:4      | Reached skill level 1 in Invocations
  2514 | D:4      | Reached skill level 5 in Fighting
  2785 | D:4      | Reached XP level 6. HP: 30/51 MP: 7/7
  3649 | D:4      | Reached skill level 6 in Fighting
  3691 | D:4      | Found Fetuus's Armour Shoppe.
  3694 | D:4      | Bought a +0 helmet of intelligence for 115 gold pieces
  3694 | D:4      | Bought a +1 pair of boots for 115 gold pieces
  4084 | D:4      | HP: 1/44 [wight/+2 long sword (9)]
  4084 | D:4      | Slain by a wight

Illustrated notes

Levels and vault maps discovered:
D:1:      minmay_arrival_four_loops, layout_rooms,
          chequers_serial_rivers_micro_c, grunt_decor_arrowhead
D:2:      layout_basic, minivault_25, moated_statue
D:3:      layout_basic, fedhas_altar_2,
          chequers_temple_overflow_statue_of_worship, minmay_misc_feat_square,
          hangedman_glass_teeth, patterned_corridor
D:4:      minmay_goblin_kobold_castle, layout_basic, serial_shops,
          kennysheep_mini_moat, serial_bayou_lake_a

Skill      XL: |  1  2  3  4  5  6 |
---------------+-------------------+-----
Fighting       | 2 3 4 5 6 |  6.2
Stealth        | 1 2 |  2.5
Invocations    | 2 3 |  3.3
Throwing       | |  1.7
Unarmed Combat | |  1.0
Spellcasting   | |  1.0
Earth Magic    | |  4.5

Action                   |  1- 3 |  4- 6 || total
-------------------------+-------+-------++-------
Melee: Short sword       |   117 |   193 ||   310
       Punch             |     4 |     2 ||     6
       Flail             |       |    13 ||    13
Throw: Dart              |     1 |     5 ||     6
Evoke: Wand              |       |     3 ||     3
  Use: Scroll            |     6 |     2 ||     8
       Potion            |       |     7 ||     7
 Stab: Sleeping          |     1 |     2 ||     3
Armor: Robe              |    29 |       ||    29
       Leather armour    |    10 |   112 ||   122
Dodge: Dodged            |    72 |   183 ||   255

Table legend: (Time is in decaauts)
 A = Elapsed time spent in this place.
 B = Non-inter-level travel time spent in this place.
 C = Inter-level travel time spent in this place.
 D = Time resting spent in this place.
 E = Time spent auto-exploring this place.
 F = Levels seen in this place.
 G = Mean time per level.
                   A        B        C        D        E       F      G
               +--------+--------+--------+--------+--------+-----+--------+
         Total |   4115 |   3661 |    454 |    581 |   1993 |   4 | 1028.8 |
       Dungeon |   4115 |   3661 |    454 |    581 |   1993 |   4 | 1028.8 |
               +--------+--------+--------+--------+--------+-----+--------+

Top non-repeatable levels by time:
     D:4: 1712 daAuts
     D:3: 932 daAuts
     D:2: 888 daAuts
     D:1: 581 daAuts
